 Dungeon Crawl Stone Soup version 0.30.1 (webtiles) character file.

Game seed: 15543900248638231383

678 GimliDwarf the Protected (level 7, 0/51 HPs)
             Began as a Gnoll Wanderer on July 7, 2023.
             Was a Follower of Okawaru.
             Slain by an orc
             ... wielding a +0 mace
              (3 damage)
             ... on level 5 of the Dungeon.
             The game lasted 00:08:13 (4677 turns).

GimliDwarf the Protected (Gnoll Wanderer)           Turns: 4677, Time: 00:08:14

Health: 0/51       AC: 10    Str: 11    XL:     7   Next: 60%
Magic:  12/12      EV: 10    Int: 12    God:    Okawaru [*.....]
Gold:   236        SH:  0    Dex: 13    Spells: 12/13 levels left

rFire   . . .        o - +2 mace (protect)
rCold   . . .        (no shield)
rNeg    + . .        d - +2 scale mail
rPois   .            (no helmet)
rElec   .            (no cloak)
rCorr   .            (no gloves)
SInv    .            (no boots)
Will    .....        (no amulet) Stlth
                     m - ring of positive energy
HPRegen 0.28/turn    (no ring)
MPRegen 0.13/turn

%: no passive effects
@: confused, lethally poisoned (0 -> -24)
A: fangs 1, strong nose, distributed training
a: Renounce Religion, Heroism


You were on level 5 of the Dungeon.
You worshipped Okawaru.
Okawaru was aware of your devotion.
You visited 1 branch of the dungeon, and saw 5 of its levels.

You collected 236 gold pieces.

Inventory:

Hand Weapons
 a - a +0 long sword
 o - a +2 mace of protection (weapon)
Missiles
 g - a throwing net
 j - 4 javelins
Armour
 d - a +2 scale mail (worn)
 w - a +0 leather armour of fire resistance
Magical Staves
 u - a staff of conjuration
Jewellery
 m - a ring of positive energy (left hand)
Wands
 q - a wand of polymorph (4)
 x - a wand of iceblast (4)
Scrolls
 b - 4 scrolls of teleportation
 c - 2 scrolls of fear
 e - 3 scrolls of noise {unknown}
 h - 2 scrolls of blinking {unknown}
 i - 5 scrolls of identify {unknown}
 k - 2 scrolls of vulnerability {unknown}
 p - 2 scrolls of fog {unknown}
 v - a scroll of acquirement {unknown}
 y - a scroll of enchant weapon {unknown}
 z - a scroll of brand weapon {unknown}
 B - a scroll of immolation {unknown}
Potions
 f - 2 potions of attraction {unknown}
 l - a potion of might {unknown}
 n - a potion of curing
 r - a potion of ambrosia {unknown}
 s - 2 potions of berserk rage {unknown}
 t - a potion of heal wounds {unknown}
 A - 2 potions of invisibility {unknown}


   Skills:
 + Level 2.7 Fighting
 + Level 2.7 Short Blades
 + Level 2.7 Long Blades
 + Level 2.7 Axes
 + Level 2.7 Maces & Flails
 + Level 2.7 Polearms
 + Level 2.7 Staves
 + Level 2.7 Ranged Weapons
 + Level 2.7 Throwing
 + Level 10.8 Armour
 + Level 3.8 Dodging
 + Level 3.6 Stealth
 + Level 2.7 Shields
 + Level 2.7 Unarmed Combat
 + Level 3.9 Spellcasting
 + Level 2.2 Conjurations
 + Level 2.2 Hexes
 + Level 2.2 Summonings
 + Level 2.2 Necromancy
 + Level 2.2 Translocations
 + Level 2.2 Transmutations
 + Level 4.4 Fire Magic
 + Level 2.2 Ice Magic
 + Level 2.2 Air Magic
 + Level 2.2 Earth Magic
 + Level 2.2 Poison Magic
 + Level 3.0 Invocations
 + Level 2.7 Evocations


You had 12 spell levels left.
You knew the following spells:

 Your Spells              Type           Power      Damage    Failure   Level
a - Foxfire               Conj/Fire      40%        2x1d6     24%         1

Your spell library contained the following spells:

 Spells                   Type           Power      Damage    Failure   Level
 Magic Dart               Conj           28%        1d4       36%         1
 Volatile Blastmotes      Fire/Tloc      20%        2d11      56%         3
 Mephitic Cloud           Conj/Pois/Air  7%         N/A       73%         3
 Call Imp                 Summ           Unusable   N/A       N/A         2

Dungeon Overview and Level Annotations

Branches:
Dungeon (5/15)
 Temple: D:4-7

Altars:
Cheibriados
Okawaru

Annotations:
D:4 3 runed translucent doors, bronco's ghost, novice HuWn


Innate Abilities, Weirdness & Mutations

You have very sharp teeth.
Your uncanny sense of smell can sniff out nearby items.
Your experience applies equally to all skills.


Message History

You hear some strange, mumbled words.
A magic dart appears from out of thin air!
The magic dart hits you but does no damage.
The orc hits you but does no damage.
You closely miss something. You bite something.
You feel very sick.
You hear some strange, mumbled words.
Something tries to affect you, but you resist.
The orc hits you but does no damage.
You are lethally poisoned!
The orc hits you but does no damage.
You feel better.
You hear some strange, mumbled words.
A puff of flame appears from out of thin air!
The puff of flame hits you. The orc hits you but does no damage. x2
You barely miss something. Something hits you but does no damage.
The orc hits you but does no damage. x2
You are poisoned.
Something hits you but does no damage. The orc hits you but does no damage.
You are more poisoned.
The orc hits you but does no damage.
You completely miss something. Your bite misses something.
You feel very sick.
The orc hits you with a +0 dagger of venom.
You are lethally poisoned!
You hear some strange, mumbled words.
You are confused.
The orc hits you but does no damage.
You barely miss something.
* * * LOW HITPOINT WARNING * * *
You feel extremely sick. Something hits you but does no damage.
The orc hits you but does no damage.
You are more poisoned.
The orc hits you but does no damage.
* * * LOW HITPOINT WARNING * * *
You feel extremely sick. Something hits you.
* * * LOW HITPOINT WARNING * * *
The orc hits you with a +0 mace.
You die...

....... ## #. #.#.....
....######...!....
#.####.#....###.#.#...##........
#......#.......................#
#......#.......................#
#......##...............$......#
#...>..##............!.........#
#......##.....o................#
#..............@........<......#
#.............{o.......o..<...[#
######.........................#
#......................?........
#............................<..
#...............................
#...............................
#...............................
#.............


You could see 2 orcs.

Vanquished Creatures
  A phantom (D:5)
  A jelly (D:5)
  4 hounds
  An orc priest (D:5)
  4 iguanas
  A sleepcap (D:5)
  3 orc wizards
  10 adders
  A shadow imp (D:4)
  A white imp (D:5)
  2 worms (D:2)
  16 orcs
  5 ball pythons
  5 endoplasms
  7 giant cockroaches
  8 goblins
  7 hobgoblins
  15 jackals
  3 quokkas
  8 bats
  5 frilled lizards
  4 kobolds
  5 rats
117 creatures vanquished.

Notes
Turn   | Place    | Note
-------+----------+-------------------------------------------
     0 | D:1      | Reached skill level 10 in Armour
     0 | D:1      | GimliDwarf the Gnoll Wanderer began the quest for the Orb.
     0 | D:1      | GimliDwarf set off with the following items: a +0 club, a
                  | scroll of teleportation, a scroll of fear, a +2 scale mail;
                  | and the following spell memorised: Foxfire; and the
                  | following spells available to memorise: Volatile
                  | Blastmotes.
     0 | D:1      | Reached XP level 1. HP: 13/13 MP: 4/4
   229 | D:1      | Reached XP level 2. HP: 19/19 MP: 5/5
   939 | D:2      | Reached XP level 3. HP: 18/25 MP: 7/7
  1028 | D:2      | Reached skill level 1 in Invocations
  1161 | D:2      | Reached skill level 1 in Fighting
  1161 | D:2      | Reached skill level 1 in Short Blades
  1161 | D:2      | Reached skill level 1 in Long Blades
  1161 | D:2      | Reached skill level 1 in Axes
  1161 | D:2      | Reached skill level 1 in Maces & Flails
  1161 | D:2      | Reached skill level 1 in Polearms
  1161 | D:2      | Reached skill level 1 in Staves
  1161 | D:2      | Reached skill level 1 in Ranged Weapons
  1161 | D:2      | Reached skill level 1 in Throwing
  1161 | D:2      | Reached skill level 1 in Shields
  1161 | D:2      | Reached skill level 1 in Unarmed Combat
  1161 | D:2      | Reached skill level 1 in Evocations
  1232 | D:2      | Reached XP level 4. HP: 32/32 MP: 8/8
  1632 | D:2      | Found a faded altar of an unknown god.
  1864 | D:3      | Reached skill level 1 in Conjurations
  1864 | D:3      | Reached skill level 1 in Hexes
  1864 | D:3      | Reached skill level 1 in Summonings
  1864 | D:3      | Reached skill level 1 in Necromancy
  1864 | D:3      | Reached skill level 1 in Translocations
  1864 | D:3      | Reached skill level 1 in Transmutations
  1864 | D:3      | Reached skill level 1 in Ice Magic
  1864 | D:3      | Reached skill level 1 in Air Magic
  1864 | D:3      | Reached skill level 1 in Earth Magic
  1864 | D:3      | Reached skill level 1 in Poison Magic
  1953 | D:3      | Found an iron altar of Okawaru.
  2129 | D:3      | Reached XP level 5. HP: 7/37 MP: 9/9
  2763 | D:3      | Became a worshipper of Warmaster Okawaru
  2843 | D:4      | Noticed Ijyb
  2845 | D:4      | Ijyb changed into Ijyb the bat
  2845 | D:4      | Noticed Ijyb
  2848 | D:4      | Killed Ijyb the bat
  2872 | D:4      | Found a snail-covered altar of Cheibriados.
  2915 | D:4      | Found a runed translucent gate.
  2915 | D:4      | Found a runed translucent gate.
  2916 | D:4      | Noticed bronco's ghost (novice HuWn)
  2916 | D:4      | Found a runed translucent gate.
  2920 | D:4      | Noticed a kobold brigand
  3124 | D:4      | Reached XP level 6. HP: 44/44 MP: 11/11
  3938 | D:5      | Entered Level 5 of the Dungeon
  4189 | D:5      | Reached XP level 7. HP: 17/50 MP: 12/12
  4608 | D:5      | Reached * piety under Okawaru
  4677 | D:5      | Slain by an orc

Illustrated notes

Levels and vault maps discovered:
D:1:      dpeg_arrival_prison, layout_loops_ring, grunt_decor_clamped
D:2:      layout_basic, dreamdust_ecumenical_altar_grove, grunt_ministairs_2
D:3:      layout_basic, amcnicky_altar_gilded
D:4:      layout_loops_corners, mainiacjoe_overflow_boulevard,
          gammafunk_ghost_nasty_kobolds, uniq_ijyb
D:5:      kennysheep_spiral_hall, layout_basic

Skill      XL: |  1  2  3  4  5  6  7 |
---------------+----------------------+-----
Armour         | | 10.8
Invocations    | 1 2 3 |  3.0
Fighting       | 1 2 |  2.7
Short Blades   | 1 2 |  2.7
Long Blades    | 1 2 |  2.7
Axes           | 1 2 |  2.7
Maces & Flails | 1 2 |  2.7
Polearms       | 1 2 |  2.7
Staves         | 1 2 |  2.7
Ranged Weapons | 1 2 |  2.7
Throwing       | 1 2 |  2.7
Shields        | 1 2 |  2.7
Unarmed Combat | 1 2 |  2.7
Evocations     | 1 2 |  2.7
Spellcasting   | 3 |  3.9
Conjurations   | 1 2 |  2.2
Hexes          | 1 2 |  2.2
Summonings     | 1 2 |  2.2
Necromancy     | 1 2 |  2.2
Translocations | 1 2 |  2.2
Transmutations | 1 2 |  2.2
Ice Magic      | 1 2 |  2.2
Air Magic      | 1 2 |  2.2
Earth Magic    | 1 2 |  2.2
Poison Magic   | 1 2 |  2.2
Dodging        | 3 |  3.8
Fire Magic     | 4 |  4.4
Stealth        | 3 |  3.6

Action                     |  1- 3 |  4- 6 |  7- 9 || total
---------------------------+-------+-------+-------++-------
  Melee: Club              |    20 |       |       ||    20
         Long sword        |   113 |     3 |       ||   116
         Bite              |    21 |    21 |     9 ||    51
         Hand axe          |     6 |       |       ||     6
         Punch             |     2 |     5 |     4 ||    11
         Mace              |       |   348 |    91 ||   439
  Evoke: Wand              |       |     1 |       ||     1
    Use: Potion            |       |     1 |     1 ||     2
         Scroll            |       |     1 |       ||     1
   Stab: Sleeping          |       |     1 |       ||     1
 Armour: Scale mail        |   120 |   283 |   100 ||   503
  Dodge: Dodged            |   125 |   290 |    54 ||   469
